 Dungeon Crawl Stone Soup version 0.31-a0-795-g5eb97db20b (console) character file.

Game seed: 5677681481944224041

1999914 elliptic the Slayer (level 27, 244/244 HPs)
             Began as a Human Air Elementalist on Sept 18, 2023.
             Was the Champion of Trog.
             Escaped with the Orb
             ... and 3 runes!
             The game lasted 02:32:59 (48476 turns).

elliptic the Slayer (Human Air Elementalist)       Turns: 48476, Time: 02:32:59

Health: 244/244    AC: 12    Str: 20    XL:     27
Magic:  11/11      EV: 35    Int: 16    God:    Trog [******]
Gold:   1957       SH: 41    Dex: 29    Spells: 26/30 levels left

rFire   + + .        a - +9 quick blade (antimagic) {norare}
rCold   + + .        U - +8 tower shield
rNeg    . . .        (body armour currently unavailable)
rPois   +            W - +2 helmet "Qyodaos" {Rampage Will+}
rElec   +            d - +0 cloak "Goix" {Regen+ Str+8 Int-2 Stlth+}
rCorr   +            E - +3 pair of gauntlets of War {Slay+5}
SInv    .            r - +2 pair of boots
Will    +++++        T - amulet of Seulyst {Reflect rC- Regen+ rCorr Dex+3 SH+5}
Stlth   ++           N - ring of Haolev {rElec rPois rC++ rCorr Int-5}
HPRegen 3.20/turn    w - ring "Nigummot" {rPois rF++ MP+9 Str+3 Int+6}
MPRegen 0.12/turn

%: reflection, rampage
@: mighty, maw-form, strong-willed, regenerating, hasted, studying 3 skills,
very quick
A: devouring maw, cold resistance 1, MP-powered wands
0: Orb of Zot
}: 3/15 runes: barnacled, silver, gossamer
a: Begin Untransformation, Renounce Religion, Berserk, Trog's Hand, Brothers in
Arms


You escaped.
You worshipped Trog.
Trog was exalted by your worship.
You were a creature with a mouth for a stomach.
You visited 11 branches of the dungeon, and saw 51 of its levels.
You also visited: Bailey, Gauntlet, Ice Cave and Wizlab.

You collected 7849 gold pieces.
You spent 5892 gold pieces at shops.


Innate Abilities, Weirdness & Mutations

You are a creature with a mouth for a stomach.
Your midsection houses a second, enormous mouth.
Your flesh is cold resistant. (rC+)
You expend magic power (3 MP) to strengthen your wands.


   Skills:
 + Level 25.9 Fighting
 - Level 14.0 Short Blades
 - Level 6.2 Armour
 - Level 21.0 Dodging
 - Level 2.0 Stealth
 + Level 25.8 Shields
 - Level 2.0 Spellcasting
 - Level 1.0 Conjurations
 - Level 3.0 Air Magic
 - Level 19.0 Shapeshifting


You had 26 spell levels left.
You knew the following spells:

 Your Spells              Type           Power      Damage    Failure   Level
Y - Swiftness             Air            11%        N/A       21%         3
Z - Shock                 Conj/Air       32%        1d5       10%         1

Your spell library contained the following spells:

 Spells                   Type           Power      Damage    Failure   Level
 Magic Dart               Conj           16%        1d3       16%         1
 Static Discharge         Conj/Air       16%        2-3/arc   16%         2
 Kiss of Death            Conj/Necr      12%        2d6       19%         1
 Apportation              Tloc           2%         N/A       22%         1
 Freeze                   Ice            4%         1d3       22%         1
 Necrotise                Necr           4%         1d4       22%         1
 Sandblast                Erth           2%         2d4       22%         1
 Slow                     Hex            4%         N/A       22%         1
 Summon Small Mammal      Summ           4%         N/A       22%         1
 Cigotuvi's Dreadful Rot  Necr/Pois/Air  8%         N/A       22%         2
 Momentum Strike          Conj/Tloc      6%         3d8       28%         2
 Blink                    Tloc           2%         N/A       34%         2
 Lesser Beckoning         Tloc           2%         N/A       34%         2
 Passwall                 Tmut/Erth      0%         N/A       34%         2
 Dazzling Flash           Conj/Hex       6%         N/A       50%         3
 Hailstorm                Conj/Ice       3%         3d3       50%         3
 Stone Arrow              Conj/Erth      6%         3d7       50%         3
 Airstrike                Air            5%         2d(1-17)  54%         4
 Call Canine Familiar     Summ           1%         N/A       56%         3
 Confusing Touch          Hex            1%         N/A       56%         3
 Frozen Ramparts          Ice            2%         1d1       56%         3
 Gell's Gravitas          Tloc           1%         N/A       56%         3
 Inner Flame              Hex/Fire       1%         N/A       56%         3
 Sigil of Binding         Hex            1%         N/A       56%         3
 Summon Guardian Golem    Hex/Summ       1%         N/A       56%         3
 Teleport Other           Tloc           1%         N/A       56%         3
 Vampiric Draining        Necr           1%         2d6       56%         3
 Volatile Blastmotes      Fire/Tloc      2%         2d10      56%         3
 Summon Lightning Spire   Summ/Air       6%         N/A       77%         4
 Vhi's Electric Charge    Tloc/Air       12%        N/A       77%         4
 Brom's Barrelling Bould  Conj/Erth      3%         2d3       88%         4
 Flame Wave               Conj/Fire      3%         2d5       88%         4
 Fulminant Prism          Conj/Hex       1%         3d5       88%         4
 Sticky Flame             Conj/Fire      3%         2d3       88%         4
 Animate Armour           Summ/Erth      2%         N/A       92%         4
 Cause Fear               Hex            0%         N/A       92%         4
 Dimensional Bullseye     Hex/Tloc       0%         N/A       92%         4
 Dispel Undead            Necr           1%         3d6       92%         4
 Leda's Liquefaction      Hex/Erth       0%         N/A       92%         4
 Petrify                  Tmut/Erth      1%         N/A       92%         4
 Arcjolt                  Conj/Air       4%         1d14      95%         5
 Freezing Cloud           Conj/Ice/Air   2%         6-21      98%         5
 Alistair's Intoxication  Tmut/Pois      0%         N/A       99%         5
 Borgnjor's Vile Clutch   Necr/Erth      0%         N/A       99%         5
 Fireball                 Conj/Fire      1%         3d3       99%         5
 Iskenderun's Battlesphe  Conj           4%         2d6       99%         5
 Lee's Rapid Deconstruct  Erth           0%         3d4*      99%         5
 Metabolic Englaciation   Hex/Ice        0%         N/A       99%         5
 Summon Forest            Summ/Tloc      0%         N/A       99%         5
 Summon Mana Viper        Hex/Summ       1%         N/A       99%         5
 Yara's Violent Unravell  Hex/Tmut       0%         3d3       99%         5
 Conjure Ball Lightning   Conj/Air       4%         3x3d6     100%        6
 Death Channel            Necr           0%         N/A       100%        6
 Dispersal                Tloc           0%         N/A       100%        6
 Eringya's Noxious Bog    Tmut/Pois      0%         4d6       100%        6
 Leda's Unmaking          Conj/Erth      1%         9d1       100%        6
 Plasma Beam              Fire/Air       3%         2x1d13    100%        6
 Starburst                Conj/Fire      1%         6d3       100%        6
 Summon Cactus Giant      Summ           0%         N/A       100%        6
 Malign Gateway           Summ/Tloc      0%         N/A       100%        7
 Orb of Destruction       Conj           2%         9d5       100%        7
 Spellforged Servitor     Conj/Summ      1%         N/A       100%        7
 Summon Hydra             Summ           0%         N/A       100%        7
 Discord                  Hex            0%         N/A       100%        8
 Disjunction              Tloc           0%         N/A       100%        8
 Maxwell's Capacitive Co  Air            5%         death     100%        8
 Summon Horrible Things   Summ           0%         N/A       100%        8
 Chain Lightning          Conj/Air       4%         3d5       100%        9
 Dragon's Call            Summ           0%         N/A       100%        9
 Fire Storm               Conj/Fire      1%         8d1       100%        9

Inventory:

Hand Weapons
 a - a +9 antimagic quick blade (weapon) {norare}
 b - a +9 vampiric quick blade {norare}
Missiles
 f - 9 curare-tipped darts (quivered)
 i - 11 throwing nets
Armour
 d - the +0 cloak "Goix" (worn) {Regen+ Str+8 Int-2 Stlth+}
   (You found it in a wizard's laboratory)

   Str+8:     It affects your strength (+8).
   Int-2:     It affects your intelligence (-2).
   Regen+:    It increases your rate of health regeneration.
   Stlth+:    It makes you more stealthy.
 k - the +0 helmet of the Albatross {rF+}
   (You found it on level 3 of the Depths)

   rF+:       It protects you from fire.
 r - a +2 pair of boots (worn)
 E - the +3 pair of gauntlets of War (worn) {Slay+5}
   (You bought it in a shop on level 6 of the Dungeon)

   Slay+5:    It affects your accuracy & damage with ranged weapons and melee
   (+5).
 I - the +0 cloak of the Stone Wall {Fly rC+ rN+ Str+2}
   (You found it in a wizard's laboratory)

   Str+2:     It affects your strength (+2).
   rC+:       It protects you from cold.
   rN+:       It protects you from negative energy.
   Fly:       It grants you flight.
 U - a +8 tower shield (worn)
 W - the +2 helmet "Qyodaos" (worn) {Rampage Will+}
   (You found it in a Gauntlet)

   Will+:     It increases your willpower.
   Rampage:   It bestows one free step when moving towards enemies.
Jewellery
 j - the amulet of Arghulumi {Regen+ Str+3}
   (You found it on level 3 of the Crypt)

   [amulet of regeneration]

   Str+3:     It affects your strength (+3).
   Regen+:    It increases your rate of health regeneration.
 p - a +4 ring of slaying
 w - the ring "Nigummot" (right hand) {rPois rF++ MP+9 Str+3 Int+6}
   (You found it in an ice cave)

   [ring of intelligence]

   Str+3:     It affects your strength (+3).
   Int+6:     It affects your intelligence (+6).
   rF++:      It greatly protects you from fire.
   rPois:     It protects you from poison MP+9: It affects your magic capacity
   (+9).
 F - a ring of see invisible
 N - the ring of Haolev (left hand) {rElec rPois rC++ rCorr Int-5}
   (You bought it in a shop on level 3 of the Shoals)

   [ring of resist corrosion]

   Int-5:     It affects your intelligence (-5).
   rC++:      It greatly protects you from cold.
   rElec:     It insulates you from electricity.
   rPois:     It protects you from poison rCorr: It protects you from acid and
   corrosion.
 O - the ring "Aryiceug" {rF- rN++ MP+9 Str-4 Dex+8}
   (You found it in an ice cave)

   [ring of magical power]

   Str-4:     It affects your strength (-4).
   Dex+8:     It affects your dexterity (+8).
   rF-:       It makes you vulnerable to fire.
   rN++:      It greatly protects you from negative energy.
   MP+9:      It affects your magic capacity (+9).
 P - the ring "Viamm" {rN+ Will++}
   (You found it in an ice cave)

   [ring of positive energy]

   rN+:       It protects you from negative energy.
   Will++:    It greatly increases your willpower.
 T - the amulet of Seulyst (around neck) {Reflect rC- Regen+ rCorr Dex+3 SH+5}
   (You found it on level 2 of the Vaults)

   [amulet of reflection]

   Reflect:   It reflects blocked missile attacks.
   Dex+3:     It affects your dexterity (+3).
   rC-:       It makes you vulnerable to cold.
   Regen+:    It increases your rate of health regeneration.
   rCorr:     It protects you from acid and corrosion.
   SH+5:      It affects your SH (+5).
 Z - a +6 ring of dexterity
Talismans
 e - a maw talisman (active)
Wands
 G - a wand of iceblast (69)
 M - a wand of digging (27)
 Q - a wand of polymorph (19)
 V - a wand of quicksilver (34)
Scrolls
 h - 8 scrolls of teleportation
 q - 4 scrolls of blinking
 s - 4 scrolls of summoning
 z - 3 scrolls of poison
 A - a scroll of fog
 J - 11 scrolls of fear
 Y - 5 scrolls of silence {!r}
Potions
 c - 8 potions of haste
 g - 5 potions of resistance
 m - 8 potions of ambrosia
 n - 14 potions of heal wounds
 o - 6 potions of berserk rage {!q}
 t - 11 potions of enlightenment
 u - 6 potions of attraction
 v - 23 potions of curing
 x - 3 potions of mutation {!q}
 y - 3 potions of magic
 D - 6 potions of cancellation
 H - 10 potions of might
Miscellaneous
 l - a lightning rod (4/4)


Message History

The Brimstone Fiend's magic leaks into the air.
You bite the Brimstone Fiend.
The Brimstone Fiend is heavily wounded.
The Brimstone Fiend completely misses you.
You block the Brimstone Fiend's attack. x2
You puncture the Brimstone Fiend!
The Brimstone Fiend's magic leaks into the air.
You impale the Brimstone Fiend!!
The Brimstone Fiend's magic leaks into the air.
You bite the Brimstone Fiend!
You kill the Brimstone Fiend!
Trog accepts your kill.
You feel much better.
Your skin crawls.
You feel strong-willed.
You feel much better.
Aiming: Dig
Press: ? - help, Shift-Dir - straight line, f - you Please select a direction to dig.
This square is covered in magical glow.
You feel a surge of power!
The rock shatters into small pieces.
There is a stone staircase leading up here.
You feel much better.
You feel much better.
You feel much better.
You climb upwards.
There is a stone staircase leading down here.
As you read the scroll of teleportation, it crumbles to dust.
You feel strangely unstable.
You feel the Orb delaying your translocation!
You start resting.
Your surroundings suddenly seem different.
A reaper comes into view. It is wielding a +6 scythe of freezing.
Blink to where?
Press: ? - help, Dir - move target
As you read the scroll of blinking, it crumbles to dust.
The reaper moves out of view.
There is an open door here.
There is a staircase leading out of the dungeon here.
You have escaped!

........#
#.#
........#
#.#
........#
#.######
........#
#.#....#
.########
#...##.###
.#
#........#
.#
##.++'+++.##
.#
#..+....+..#
.#####
#..+.W..+..#
.....#
#..+....'..#
####.#
#..+....+..#
...#.#
##.++++++.##
#.##.#
#........#
#....#
##########
#.#### #.#
#.#


There were no monsters in sight!

Vanquished Creatures
  2 dread liches (Crypt:3)
  An ancient lich (Crypt:3)
  Mennas (Crypt:2)
  An orb of fire (Zot:2)
  A juggernaut (Depths:3)
  Vv (Zot:3)
  A curse toe (Crypt:3)
  4 caustic shrikes
  The ghost of Omoexics the Ruinous, a veteran DsGl of Vehumet (Crypt:2)
  5 golden dragons
  Jory (Depths:3)
  A profane servitor (Crypt:3)
  2 Brimstone Fiends
  A Tzitzimitl (Zot:1)
  A bone dragon (Depths:4)
  A Hell Sentinel (Zot:5)
  A walking crystal tome (Depths:4)
  11 tentacled monstrosities
  7 Orb Guardians
  Jorgrun (Shoals:1)
  4 liches
  Mlioglotl (Shoals:2)
  A walking earthen tome (Depths:2)
  8 titans
  11 acid blobs
  A walking divine tome (Depths:1)
  A tentacled starspawn (WizLab)
  6 quicksilver dragons
  An eldritch tentacle (WizLab)
  8 ancient champions
  3 deep elf blademasters
  A sphinx (Depths:4)
  Polyphemus (Shoals:2)
  3 death cobs
  11 shadow dragons
  The ghost of Jikhlit the Brawler, an adept TrMo of Nemelex Xobeh (Depths:2)
  Kirke (D:14)
  7 storm dragons
  9 tengu reavers
  Roxanne (D:15)
  A storm dragon (shapeshifter) (Vaults:5)
  3 revenants
  Donald (Shoals:1)
  Ilsuiw (Shoals:2)
  3 azure jellies (Depths:1)
  11 fire giants
  A fire giant (shapeshifter) (Depths:2)
  2 draconian monks (Zot:5)
  6 draconian knights
  3 rockslimes (Depths:1)
  4 iron dragons
  9 frost giants
  3 emperor scorpions
  5 ghost moths
  Louise (Shoals:2)
  2 draconian scorchers (Zot:2)
  3 draconian shifters
  5 ghouls
  20 vault wardens
  6 draconian stormcallers
  A juggernaut zombie (Crypt:3)
  A curse skull (Crypt:3)
  A caustic shrike zombie (Crypt:3)
  7 draconian annihilators
  A broodmother (Spider:2)
  A reaper (Zot:2)
  8 quicksilver oozes (Depths:1)
  4 war gargoyles
  11 ironbound preservers
  31 very ugly things
  2 formless jellyfish (Vaults:3)
  2 caustic shrike skeletons
  10 ironbound thunderhulks
  11 stone giants
  4 green draconians
  7 vampire knights
  6 deep elf demonologists
  Azrael (D:15)
  2 deep elf annihilators
  8 purple draconians
  20 white draconians
  8 black draconians
  13 dire elephants
  A minotaur (Gauntlet)
  19 yellow draconians
  7 spark wasps
  6 red draconians
  3 eidola
  7 deep elf death magi
  A spark wasp (shapeshifter) (Vaults:5)
  A green death (Zot:5)
  3 crystal guardians
  7 merfolk javelineers
  27 ettins
  10 fire dragons
  9 jiangshi
  Josephine (D:13)
  10 merfolk impalers
  21 yaktaur captains
  35 vault guards
  5 entropy weavers
  3 deep elf high priests (Vaults:5)
  8 great orbs of eyes
  3 catoblepae
  2 rakshasas
  8 ice dragons
  4 ogre magi
  3 spriggan skeletons
  4 peacekeepers
  2 spriggan air magi
  3 hydras
  A boulder beetle (shapeshifter) (Vaults:5)
  5 radroaches
  5 boulder beetles
  A jorogumo (Spider:2)
  Erica (D:10)
  2 sphinx zombies
  10 ironbound frosthearts
  13 centaur warriors
  A merfolk avatar (Shoals:4)
  A fenstrider witch skeleton (Crypt:3)
  9 two-headed ogres
  4 death knights
  A merfolk aquamancer (Shoals:2)
  3 death yaks (Shoals:2)
  30 dancing weapons
  3 tengu warriors
  10 deep troll shamans
  A titan zombie (Crypt:3)
  6 deep troll earth magi
  8 spriggan berserkers
  12 vampire magi
  A thrashing horror (WizLab)
  5 orc high priests (Orc:2)
  Urug (D:10)
  5 demonic crawlers
  Sonja (Orc:1)
  24 deep elf knights
  A sun demon (D:6)
  10 soul eaters
  3 hell knights
  7 skysharks
  2 sun moths
  4 shadow wraiths
  21 skeletal warriors
  4 spriggans
  20 iron trolls
  46 deep trolls
  12 sea snakes
  A goliath frog (Lair:5)
  6 pharaoh ants
  3 glowing orange brains
  4 sixfirhies
  A deep troll (shapeshifter) (Vaults:5)
  An orb spider (shapeshifter) (Depths:3)
  14 deep elf archers
  6 flayed ghosts
  A death drake (WizLab)
  2 bog bodies
  An obsidian statue (WizLab)
  A glowing orange brain (shapeshifter) (Vaults:2)
  5 orb spiders
  3 steelbarb worms
  A cherub (D:6)
  3 necromancers
  6 wizards
  An orange crystal statue (IceCv)
  9 lindwurms
  14 harpies
  40 deep elf pyromancers
  21 deep elf zephyrmancers
  14 phantasmal warriors
  14 orc knights
  6 oklob plants
  20 ironbound convokers
  A shadow dragon skeleton (Depths:1)
  2 shining eyes (Depths:1)
  23 ugly things
  19 wolf spiders
  2 orc sorcerers
  3 cyclopes
  6 fauns
  A cyclops (shapeshifter) (D:14)
  2 stone giant zombies
  18 manticores
  2 salamanders
  A frost giant zombie (Depths:1)
  9 moths of wrath
  An eleionoma skeleton (Crypt:1)
  2 worldbinders (WizLab)
  9 elephants
  A black mamba (Lair:5)
  3 torpor snails
  A guardian serpent (WizLab)
  13 vault sentinels
  A naga zombie (Crypt:3)
  A fire giant skeleton (Crypt:1)
  7 water nymphs
  2 water nymphs (shapeshifter)
  11 merfolk sirens
  An apocalypse crab (WizLab)
  2 orange demons
  22 cane toads
  7 storm dragon simulacra (IceCv)
  6 rime drakes
  9 komodo dragons
  2 hellions
  2 kobold demonologists
  40 yaktaurs
  4 unseen horrors
  A purple draconian zombie (Crypt:3)
  5 freezing wraiths
  A yaktaur (shapeshifter) (Elf:2)
  A bunyip simulacrum (Crypt:3)
  3 golden dragon simulacra (IceCv)
  A minotaur skeleton (Crypt:2)
  4 efreet
  5 guardian mummies (Crypt:3)
  A harpy zombie (Crypt:3)
  A catoblepas skeleton (Crypt:1)
  A tengu conjurer (Depths:4)
  A white draconian skeleton (Crypt:1)
  2 hydra zombies
  2 hellwings
  2 polar bears
  22 merfolk
  28 tarantellas
  11 trolls
  5 meliai
  3 tyrant leeches
  A wolf spider simulacrum (D:14)
  6 hornets
  A raiju (shapeshifter) (Vaults:5)
  4 wind drakes
  A death drake skeleton (Crypt:2)
  A dream sheep (shapeshifter) (Depths:4)
  A raiju (Gauntlet)
  A hydra skeleton (Crypt:1)
  An ettin zombie (Crypt:3)
  35 blink frogs
  10 snapping turtles
  7 flying skulls
  A black mamba zombie (Crypt:3)
  13 slime creatures
  36 jumping spiders
  4 air elementals
  18 culicivoras
  A large abomination (WizLab)
  6 wyverns
  2 culicivoras (shapeshifter)
  21 shadows
  9 wraiths
  11 basilisks
  A vampire (D:12)
  7 fire elementals
  2 hogs (D:14)
  43 yaks
  Grum (D:11)
  13 water elementals
  A hog (shapeshifter) (Vaults:5)
  A neqoxec (Depths:2)
  A golden eye (Depths:1)
  A steam dragon (D:9)
  16 vampire mosquitoes
  40 redbacks
  4 spatial vortices (WizLab)
  3 wargs
  2 acid dragons (D:11)
  5 swamp worms
  A cane toad zombie (Crypt:1)
  18 water moccasins
  5 hell hounds (D:15)
  57 orc warriors
  A swamp drake (D:10)
  An ice beast (D:5)
  6 ice dragon simulacra (IceCv)
  A sky beast (D:7)
  11 ogres
  3 boggarts (D:14)
  A centaur (shapeshifter) (Vaults:5)
  16 centaurs
  A blink frog skeleton (Crypt:2)
  17 wolves
  2 small abominations (WizLab)
  A phantom (D:6)
  A yaktaur zombie (Crypt:2)
  A kobold brigand (D:5)
  9 bullfrogs
  2 gnoll sergeants
  A necrophage (Crypt:1)
  3 earth elementals
  2 scorpions
  13 wights
  5 lindwurm simulacra (IceCv)
  A swamp dragon simulacrum (Crypt:1)
  22 killer bees
  5 howler monkeys
  2 electric eels
  5 hounds
  18 jellies
  41 orc priests
  2 gnoll boudas
  2 sleepcaps (D:6)
  An iguana (D:4)
  24 orc wizards
  8 hell rats (Lair:4)
  A lightning spire (Gauntlet)
  An acid dragon zombie (Crypt:2)
  An ogre zombie (Crypt:3)
  7 mummies (Crypt:3)
  A howler monkey zombie (Crypt:1)
  15 gnolls
  15 adders
  A steam dragon skeleton (Crypt:1)
  A shadow imp (WizLab)
  An ufetubus (D:5)
  A lava snake zombie (Crypt:2)
  3 worms (D:2)
  2 dart slugs
  105 orcs
  11 ball pythons
  A bat skeleton (Crypt:3)
  5 endoplasms
  4 giant cockroaches
  10 goblins
  9 hobgoblins
  2 quokkas
  4 bats
  A goblin skeleton (Crypt:3)
  A hobgoblin zombie (Crypt:2)
  14 kobolds
  8 rats
  3 starspawn tentacles (WizLab)
2286 creatures vanquished.

Vanquished Creatures (others)
  A draconian knight (Zot:2)
  A glowing orange brain (Depths:2)
  A wizard (WizLab)
  A deep elf archer (Elf:2)
  A deep elf zephyrmancer (Elf:3)
  A moth of wrath (Zot:2)
  A blink frog (WizLab)
  A jelly (Zot:2)
  2 starspawn tentacles (WizLab)
10 creatures vanquished.

Grand Total: 2296 creatures vanquished

Notes
Turn   | Place    | Note
-------+----------+-------------------------------------------
     0 | D:1      | elliptic the Human Air Elementalist began the quest for the
                  | Orb.
     0 | D:1      | Reached XP level 1. HP: 13/13 MP: 3/3
   181 | D:1      | Reached skill level 1 in Fighting
   327 | D:1      | Reached XP level 2. HP: 21/21 MP: 3/5
   332 | D:1      | Learned a level 2 spell: Static Discharge
  1021 | D:2      | Reached XP level 3. HP: 28/28 MP: 2/6
  1109 | D:2      | Learned a level 3 spell: Swiftness
  1204 | D:2      | Reached skill level 3 in Fighting
  1216 | D:2      | Found a faded altar of an unknown god.
  1647 | D:2      | Reached XP level 4. HP: 35/35 MP: 1/7
  1746 | D:2      | Identified the +9 short sword of the Furious {flame, rPois
                  | rC- Str+3 Int+3}
  1748 | D:2      | okay
  2298 | D:3      | Reached skill level 1 in Short Blades
  2453 | D:2      | HP: 4/35 [orc priest/nerve-wracking pain (8)]
  2454 | D:2      | sigh
  2455 | D:2      | Reached XP level 5. HP: 5/41 MP: 4/8
  2618 | D:3      | Reached skill level 3 in Short Blades
  3256 | D:3      | Found a shimmering altar of Xom.
  3490 | D:4      | Found a white marble altar of Elyvilon.
  3499 | D:4      | Became a worshipper of Elyvilon the Healer
  3590 | D:4      | Reached XP level 6. HP: 47/47 MP: 9/9
  3771 | D:4      | Reached * piety under Elyvilon
  3928 | D:4      | Found a staircase to the Ecumenical Temple.
  3937 | Temple   | Entered the Ecumenical Temple
  3942 | Temple   | Fell from the grace of Elyvilon
  3942 | Temple   | Became a worshipper of Trog the Wrathful
  4159 | D:5      | Entered Level 5 of the Dungeon
  4176 | D:5      | Noticed an ogre
  4321 | D:5      | Noticed an ice beast
  4354 | D:5      | Reached XP level 7. HP: 46/52 MP: 10/10
  4667 | D:5      | Reached skill level 6 in Short Blades
  4703 | D:5      | Found a shimmering blue altar of Sif Muna.
  4903 | D:5      | Reached XP level 8. HP: 56/60 MP: 11/11
  4990 | D:6      | Found Kileovyr's Antique Armour Shop.
  5237 | D:6      | Reached * piety under Trog
  5568 | D:7      | Reached skill level 9 in Short Blades
  5576 | D:7      | Reached XP level 9. HP: 66/66 MP: 12/12
  5944 | D:7      | Reached skill level 3 in Dodging
  6580 | D:8      | Found a flagged portal.
  6592 | Bailey   | Entered a bailey
  6593 | Bailey   | hm this is dangerous
  6716 | Bailey   | Reached ** piety under Trog
  6896 | Bailey   | Reached skill level 6 in Fighting
  7042 | Bailey   | Reached XP level 10. HP: 55/79 MP: 13/13
  7222 | Bailey   | Noticed an orc knight
  7252 | Bailey   | Killed an orc knight
  7253 | Bailey   | Reached skill level 9 in Fighting
  7288 | Bailey   | Acquired 1102 gold pieces
  7370 | D:6      | Bought the +3 pair of gauntlets of War {Slay+5} for 1140
                  | gold pieces
  7370 | D:6      | Found the +3 pair of gauntlets of War {Slay+5}
  7866 | D:8      | Reached *** piety under Trog
  7913 | D:8      | Found a transporter.
  7920 | D:8      | Found a transporter.
  8578 | D:9      | Found an ancient bone altar of Kikubaaqudgha.
  8778 | D:9      | Reached skill level 12 in Fighting
  8801 | D:9      | Noticed a two-headed ogre
  8810 | D:9      | Killed a two-headed ogre
  9062 | D:9      | Reached XP level 11. HP: 92/98 MP: 14/14
  9115 | D:9      | Found an ornate altar of the Wu Jian Council.
  9138 | D:10     | Entered Level 10 of the Dungeon
  9162 | D:10     | Noticed Erica
  9169 | D:10     | Killed Erica
  9170 | D:10     | Reached skill level 15 in Fighting
  9171 | D:10     | Found a shadowy altar of Dithmenos.
  9207 | D:10     | hm
  9244 | D:10     | Reached **** piety under Trog
  9339 | D:10     | Reached skill level 6 in Dodging
  9345 | D:10     | Found a staircase to the Orcish Mines.
  9676 | D:10     | Noticed Urug
  9700 | D:10     | Killed Urug
  9881 | D:10     | Found a hide-covered altar of Uskayaw.
  9971 | D:11     | Found a staircase to the Lair.
  9972 | D:11     | Noticed an oklob plant
 10092 | D:11     | Noticed Grum
 10101 | D:11     | Killed Grum
 10164 | D:11     | Reached ***** piety under Trog
 10226 | D:11     | Found a gate leading to a gauntlet.
 10235 | Gauntlet | Entered a Gauntlet
 10235 | Gauntlet | Found a transporter.
 10235 | Gauntlet | Found a transporter.
 10235 | Gauntlet | Found a transporter.
 10237 | Gauntlet | Found a transporter.
 10239 | Gauntlet | Found a transporter.
 10248 | Gauntlet | Noticed a shining eye
 10253 | Gauntlet | Found a transporter.
 10255 | Gauntlet | Found a transporter.
 10258 | Gauntlet | Noticed a green death
 10263 | Gauntlet | Found a transporter.
 10291 | Gauntlet | Found a transporter.
 10305 | Gauntlet | Found a transporter.
 10309 | Gauntlet | Found a transporter.
 10319 | Gauntlet | Found a transporter.
 10398 | Gauntlet | Identified the +2 helmet "Qyodaos" {Rampage Will+}
 10423 | Gauntlet | Reached skill level 9 in Dodging
 10423 | Gauntlet | Reached XP level 12. HP: 111/111 MP: 15/15
 10428 | Gauntlet | Identified the +6 long sword of Action {elec, rF++ rCorr
                  | Int+2}
 10438 | Gauntlet | Identified the +1 hat of Too Many Cooks {rElec rPois rF-
                  | rN+++}
 10469 | Gauntlet | Noticed a minotaur
 10482 | Gauntlet | Killed a minotaur
 10489 | Gauntlet | Got a whispering book
 10625 | D:11     | Noticed a boulder beetle
 10646 | D:11     | Killed a boulder beetle
 10805 | D:11     | Noticed a catoblepas
 10817 | D:11     | Killed a catoblepas
 10818 | D:11     | Reached skill level 3 in Armour
 11024 | D:11     | Noticed a boulder beetle
 11045 | D:11     | Killed a boulder beetle
 11047 | D:11     | Got an illuminated book
 11268 | D:12     | Found Jamafyat's Distillery.
 11282 | D:12     | Bought a potion of heal wounds for 60 gold pieces
 11282 | D:12     | Bought a potion of heal wounds for 60 gold pieces
 11282 | D:12     | Bought a potion of heal wounds for 60 gold pieces
 11435 | D:12     | Noticed a boulder beetle
 11436 | D:12     | Noticed a two-headed ogre
 11443 | D:12     | Killed a two-headed ogre
 11444 | D:12     | Reached skill level 6 in Armour
 11507 | D:12     | Killed a boulder beetle
 11526 | D:12     | Found Sopof's Jewellery Shop.
 11538 | D:12     | Reached XP level 13. HP: 89/117 MP: 16/16
 11597 | D:12     | Found Ebbac's Distillery.
 11603 | D:12     | Gained mutation: You expend magic power (3 MP) to
                  | strengthen your wands. [potion of mutation]
 11603 | D:12     | Gained mutation: You are partially covered in iridescent
                  | scales. (AC +2) [potion of mutation]
 11604 | D:12     | Bought a potion of curing for 45 gold pieces
 11604 | D:12     | Bought a potion of curing for 45 gold pieces
 11654 | D:12     | Reached skill level 12 in Dodging
 11865 | Lair:1   | Entered Level 1 of the Lair of Beasts
 11993 | Lair:1   | Reached skill level 3 in Shapeshifting
 12223 | Lair:1   | Reached skill level 6 in Shapeshifting
 13003 | Lair:2   | Received a gift from Trog
 13050 | Lair:2   | Found a hole to the Spider Nest.
 13129 | Lair:2   | Noticed an eight-headed hydra
 13143 | Lair:2   | Killed an eight-headed hydra
 13344 | Lair:2   | Found a blossoming altar of Fedhas.
 13542 | Lair:2   | Found a staircase to the Shoals.
 14027 | Lair:3   | Identified the +10 orcbow "Mulor" {freeze, rF+}
 14029 | Lair:3   | eh
 14201 | Lair:3   | Reached skill level 9 in Shapeshifting
 14347 | Lair:3   | Reached XP level 14. HP: 124/124 MP: 17/17
 14659 | Lair:3   | Received a gift from Trog
 14663 | Lair:3   | fine?
 14841 | Lair:4   | Found a staircase to the Slime Pits.
 14841 | Lair:4   | Found a viscous altar of Jiyva.
 15109 | Lair:4   | Reached ****** piety under Trog
 15111 | Lair:4   | Received a gift from Trog
 15120 | Lair:4   | Reached skill level 12 in Short Blades
 15235 | D:12     | Bought an amulet of regeneration for 480 gold pieces
 15991 | Lair:5   | Entered Level 5 of the Lair of Beasts
 16106 | Lair:5   | Reached XP level 15. HP: 103/130 MP: 18/18
 16405 | Lair:5   | Received a gift from Trog
 17018 | D:8      | Got a foxed book
 17139 | Orc:1    | Entered Level 1 of the Orcish Mines
 17205 | Orc:1    | Noticed Sonja
 17209 | Orc:1    | Killed Sonja
 17378 | Orc:2    | Entered Level 2 of the Orcish Mines
 17779 | Orc:2    | Found a burning altar of Makhleb.
 17830 | Orc:2    | Found a staircase to the Elven Halls.
 18147 | Orc:2    | Received a gift from Trog
 18505 | Orc:2    | Received a gift from Trog
 18506 | Orc:2    | Reached skill level 12 in Shapeshifting
 18541 | Orc:2    | Found Foymate's Magic Scroll Shop.
 18541 | Orc:2    | Found Jar Viwn's Weapon Shop.
 18542 | Orc:2    | Found Riutim's Antique Armour Shop.
 18542 | Orc:2    | Found Ikerr's Book Boutique.
 18729 | D:13     | Reached XP level 16. HP: 138/138 MP: 19/19
 18953 | D:13     | Found a gate to the Vaults.
 19070 | D:13     | Noticed Josephine
 19078 | D:13     | Killed Josephine
 19575 | D:14     | Identified the +2 war axe of Githemoi {flame, *Rage rCorr
                  | SInv Stlth+}
 19743 | D:14     | Noticed Kirke
 19752 | D:14     | Killed Kirke
 19880 | D:15     | Entered Level 15 of the Dungeon
 19893 | D:15     | Received a gift from Trog
 19939 | D:15     | Reached skill level 15 in Dodging
 20112 | D:15     | Noticed Roxanne
 20127 | D:15     | Killed Roxanne
 20260 | D:15     | Found a staircase to the Depths.
 20275 | D:15     | Noticed Azrael
 20280 | D:15     | Killed Azrael
 20853 | D:12     | Bought a potion of curing for 45 gold pieces
 20853 | D:12     | Bought a potion of curing for 45 gold pieces
 20964 | D:6      | Bought a runed kite shield for 180 gold pieces
 21117 | Spider:1 | Entered Level 1 of the Spider Nest
 21265 | Spider:1 | Received a gift from Trog
 21388 | Spider:1 | Reached XP level 17. HP: 144/144 MP: 20/20
 21783 | Spider:2 | Reached skill level 1 in Shields
 21835 | Spider:2 | Reached skill level 3 in Shields
 22033 | Spider:2 | Received a gift from Trog
 22268 | Spider:3 | Reached skill level 6 in Shields
 22796 | Spider:3 | Identified the +1 robe "Ywiacon" {Will+}
 23210 | Spider:4 | Entered Level 4 of the Spider Nest
 23213 | Spider:4 | Reached skill level 9 in Shields
 23260 | Spider:4 | what
 23269 | Spider:4 | Gained mutation: You are dopey. (Int -2) [mutagenic glow]
 23286 | Spider:4 | Gained mutation: Your spells are a little easier to cast,
                  | but a little less powerful. [mutagenic glow]
 23299 | Spider:4 | fine
 23842 | Spider:4 | eh
 24000 | Spider:4 | Reached XP level 18. HP: 151/151 MP: 21/21
 24209 | Spider:4 | Got a gossamer rune of Zot
 24215 | Spider:4 | Identified the +2 hat of Kiexuph {rPois Str+3 Stlth+}
 24399 | Shoals:1 | Entered Level 1 of the Shoals
 24446 | Shoals:1 | Received a gift from Trog
 24609 | Shoals:1 | Noticed Donald
 24619 | Shoals:1 | Killed Donald
 24775 | Shoals:1 | Noticed Jorgrun
 24795 | Shoals:1 | Killed Jorgrun
 24944 | Shoals:2 | Noticed Polyphemus
 24962 | Shoals:2 | Killed Polyphemus
 24977 | Shoals:2 | Noticed Ilsuiw
 25002 | Shoals:2 | Killed Ilsuiw
 25094 | Shoals:2 | Noticed Louise
 25117 | Shoals:2 | Killed Louise
 25117 | Shoals:2 | Received a gift from Trog
 25281 | Shoals:2 | Noticed Mlioglotl
 25288 | Shoals:2 | Killed Mlioglotl
 25614 | Shoals:3 | Found Vehehas's Armour Emporium.
 25623 | Shoals:3 | Reached skill level 15 in Shapeshifting
 25734 | Shoals:3 | Found Gostralu's Assorted Antiques.
 25741 | Shoals:3 | Found Fukhlot's Distillery.
 25743 | Shoals:3 | Bought a shimmering bone ring for 160 gold pieces
 25743 | Shoals:3 | Identified the ring of Haolev {rElec rPois rC++ rCorr
                  | Int-5} (You bought it in a shop on level 3 of the Shoals)
 25743 | Shoals:3 | Bought a smoky inky potion for 28 gold pieces
 25743 | Shoals:3 | Bought a smoky inky potion for 28 gold pieces
 25758 | Shoals:3 | Bought a potion of heal wounds for 65 gold pieces
 25758 | Shoals:3 | Bought a potion of heal wounds for 65 gold pieces
 25758 | Shoals:3 | Bought a potion of heal wounds for 65 gold pieces
 25853 | Shoals:3 | Found Dublufol's Distillery.
 25981 | Shoals:3 | Reached XP level 19. HP: 161/161 MP: 22/22
 26004 | Shoals:3 | Found Qealiem's Antique Weapon Boutique.
 26202 | Shoals:4 | Entered Level 4 of the Shoals
 26243 | Shoals:4 | Found a frozen archway.
 26269 | IceCv    | Entered an ice cave
 26418 | IceCv    | Received a gift from Trog
 26559 | IceCv    | Identified the ring "Nigummot" {rPois rF++ MP+9 Str+3
                  | Int+6}
 26564 | IceCv    | Identified the ring "Aryiceug" {rF- rN++ MP+9 Str-4 Dex+8}
 26566 | IceCv    | Identified the ring "Viamm" {rN+ Will++}
 27103 | Shoals:4 | Got a barnacled rune of Zot
 27279 | Shoals:4 | Identified the +3 short sword of the Ghosts {flame, Str+2
                  | Int+7}
 27338 | Shoals:4 | Received a gift from Trog
 27443 | Shoals:4 | Identified the +6 trident "Oheempud" {drain, *Noise rC+
                  | Dex+5}
 27826 | Elf:1    | Entered Level 1 of the Elven Halls
 27978 | Elf:1    | Reached skill level 18 in Fighting
 28092 | Elf:1    | Reached skill level 18 in Dodging
 28204 | Elf:1    | Received a gift from Trog
 28222 | Elf:1    | Found a runed translucent gate.
 28222 | Elf:1    | Found a runed translucent gate.
 28222 | Elf:1    | Found a runed translucent gate.
 28222 | Elf:1    | Found a runed translucent gate.
 28222 | Elf:1    | Found a runed translucent gate.
 28223 | Elf:1    | Found a runed translucent gate.
 28247 | Elf:1    | Reached XP level 20. HP: 171/171 MP: 23/23
 28641 | Elf:1    | Found Anemo's Jewellery Shop.
 28641 | Elf:1    | Found Reisea's Book Emporium.
 28642 | Elf:1    | Found Vayttaps's Jewellery Shop.
 28653 | Elf:1    | Bought a +6 ring of dexterity for 612 gold pieces
 28799 | Elf:2    | Found Xarinneg's Armour Emporium.
 28842 | Elf:2    | Received a gift from Trog
 28996 | Elf:1    | Found an ancient bone altar of Kikubaaqudgha.
 28997 | Elf:1    | Paralysed by an air elemental for 1 turns
 29059 | Elf:2    | Paralysed by an air elemental for 1 turns
 29082 | Elf:2    | Identified the +3 halberd of the Weasel {flame, Str+5}
 29226 | Elf:2    | Received a gift from Trog
 29237 | Elf:2    | Found a runed translucent gate.
 29237 | Elf:2    | Found a runed translucent gate.
 29242 | Elf:2    | Found a runed translucent gate.
 29768 | Elf:3    | Entered Level 3 of the Elven Halls
 29820 | Elf:3    | Found Entoehus's Armour Shoppe.
 29853 | Elf:3    | Identified the +6 dagger of Hilidghe {flame, Dex+5} (Trog
                  | gifted it to you on level 3 of the Elven Halls)
 29853 | Elf:3    | Received a gift from Trog
 29961 | Elf:3    | Paralysed by an air elemental for 1 turns
 30613 | Vaults:1 | Entered Level 1 of the Vaults
 30651 | Vaults:1 | Reached XP level 21. HP: 180/180 MP: 24/24
 31160 | Vaults:1 | Received a gift from Trog
 31757 | Vaults:2 | Identified the +0 scale mail of the Thistle {Will+ Regen+
                  | rCorr}
 31820 | Vaults:2 | Found Yschecul's Book Shop.
 31906 | Vaults:2 | Identified the +7 short sword of the Distant Future {pain,
                  | Will+}
 32340 | Vaults:2 | Found a staircase to the Crypt.
 32384 | Vaults:2 | Identified the amulet of Seulyst {Reflect rC- Regen+ rCorr
                  | Dex+3 SH+5}
 32533 | Vaults:2 | Reached skill level 18 in Shapeshifting
 32533 | Vaults:2 | Identified the ring of Xom's Attic {rN+ Str+2 Int+4 Dex+2}
 32921 | Vaults:3 | Received a gift from Trog
 32971 | Vaults:3 | Reached XP level 22. HP: 190/190 MP: 25/25
 33414 | Vaults:3 | Received a gift from Trog
 34089 | Vaults:4 | Received a gift from Trog
 34142 | Vaults:4 | Reached skill level 21 in Fighting
 34228 | Vaults:4 | Found Ewaakk's Jewellery Emporium.
 34382 | Vaults:4 | Reached skill level 21 in Dodging
 34767 | Vaults:2 | sigh
 34768 | Crypt:1  | Entered Level 1 of the Crypt
 34864 | Crypt:1  | Reached XP level 23. HP: 200/200 MP: 26/26
 35169 | Crypt:1  | Received a gift from Trog
 35322 | Crypt:1  | Reached skill level 12 in Shields
 35684 | Crypt:2  | Noticed Mennas
 35716 | Crypt:2  | Killed Mennas
 36002 | Crypt:2  | Received a gift from Trog
 36329 | Crypt:2  | Found a large runed translucent door.
 36329 | Crypt:2  | Found a large runed translucent door.
 36332 | Crypt:2  | Noticed Omoexics's ghost (veteran DsGl)
 36360 | Crypt:2  | Killed Omoexics's ghost
 36366 | Crypt:2  | Identified the staff of Misery {rElec Tmut Air}
 36412 | Crypt:3  | Entered Level 3 of the Crypt
 36460 | Crypt:3  | Found the +7 great mace "Undeadhunter" {deathbane, rN+}
 36516 | Crypt:3  | Noticed a curse toe
 36555 | Crypt:3  | Killed a curse toe
 36804 | Crypt:3  | Reached skill level 15 in Shields
 36823 | Crypt:3  | eh
 36875 | Crypt:3  | Noticed a profane servitor
 36893 | Crypt:3  | Killed a profane servitor
 36901 | Crypt:3  | Received a gift from Trog
 36913 | Crypt:3  | Found a basalt altar of Yredelemnul.
 37032 | Crypt:3  | Found a staircase to the Tomb.
 37508 | Crypt:3  | Reached XP level 24. HP: 208/208 MP: 26/26
 37526 | Crypt:3  | Found a basalt altar of Yredelemnul.
 37529 | Crypt:3  | Identified the amulet of Arghulumi {Regen+ Str+3}
 37535 | Crypt:3  | Identified the amulet of the Harvest {*Slow rElec Will+
                  | Regen+ Int+5}
 37756 | Crypt:3  | Noticed a dread lich
 37757 | Crypt:3  | Noticed an ancient lich
 37775 | Crypt:3  | Killed a dread lich
 37785 | Crypt:3  | Killed an ancient lich
 37798 | Crypt:3  | Noticed a dread lich
 37802 | Crypt:3  | Received a gift from Trog
 37806 | Crypt:3  | Killed a dread lich
 37826 | Crypt:3  | Identified the +1 rapier "Ycoumim" {vamp, rC- rN+ Will-
                  | Int+5}
 37829 | Crypt:3  | Identified the +6 scale mail "Iluen" {Dex+3}
 38431 | Depths:1 | Entered Level 1 of the Depths
 38629 | Depths:1 | Found a gateway to Hell.
 39158 | Depths:1 | Received a gift from Trog
 39159 | Depths:1 | Reached skill level 18 in Shields
 39368 | Depths:1 | hi
 39546 | Depths:1 | Found Jaru's Changing Room.
 39568 | Depths:1 | Found Kymui's Book Boutique.
 39721 | Depths:2 | Found a one-way gate to the infinite horrors of the Abyss.
 39804 | Depths:2 | Found a magical portal.
 39821 | WizLab   | Entered The Roulette of Golubria
 39821 | WizLab   | Found a transporter.
 39824 | WizLab   | Found a corrupted altar of Lugonu.
 39854 | WizLab   | Found a transporter.
 39855 | WizLab   | Found a transporter.
 39901 | WizLab   | Found a transporter.
 39912 | WizLab   | Reached XP level 25. HP: 214/214 MP: 26/26
 39970 | WizLab   | Found a transporter.
 39984 | WizLab   | Found a transporter.
 39996 | WizLab   | Found a transporter.
 40059 | WizLab   | Found a transporter.
 40089 | WizLab   | Found a transporter.
 40243 | WizLab   | Found a transporter.
 40271 | WizLab   | Found a transporter.
 40284 | WizLab   | Identified the +0 cloak "Huownavu" {Int+7}
 40289 | WizLab   | Identified the +0 cloak of the Stone Wall {Fly rC+ rN+
                  | Str+2}
 40326 | WizLab   | Identified the +0 cloak "Goix" {Regen+ Str+8 Int-2 Stlth+}
 40418 | WizLab   | Found a transporter.
 40418 | WizLab   | Found a transporter.
 40445 | WizLab   | Found a transporter.
 40445 | WizLab   | Found a transporter.
 40467 | WizLab   | Found a transporter.
 40467 | WizLab   | Found a transporter.
 40496 | WizLab   | Found a transporter.
 40567 | WizLab   | Found a transporter.
 40567 | WizLab   | Found a transporter.
 40580 | WizLab   | Received a gift from Trog
 40736 | Depths:2 | Noticed a caustic shrike
 40737 | Depths:2 | Noticed a caustic shrike
 40737 | Depths:2 | Noticed a caustic shrike
 40747 | Depths:2 | Found a runed translucent door.
 40758 | Depths:2 | Killed a caustic shrike
 40763 | Depths:2 | Killed a caustic shrike
 40769 | Depths:2 | Killed a caustic shrike
 40795 | Depths:2 | Noticed Jikhlit's ghost (adept TrMo)
 40874 | Depths:2 | Found the +7 great mace "Firestarter" {flame, immolate,
                  | rFlCloud rF++}
 40926 | Depths:2 | Found Misuonef's Jewellery Shoppe.
 41070 | Depths:2 | Found a one-way gate leading to the halls of Pandemonium.
 41077 | Depths:2 | Reached skill level 21 in Shields
 41208 | Depths:2 | Got a resplendent book
 41647 | Depths:2 | Killed Jikhlit's ghost
 41674 | Depths:2 | Identified the +1 quarterstaff "Utwys" {holy, rPois rF-
                  | Str-2 Int+10}
 41697 | Depths:4 | Entered Level 4 of the Depths
 41751 | Depths:4 | Received a gift from Trog
 42044 | Depths:4 | Found a gate to the Realm of Zot.
 42443 | Depths:4 | Reached XP level 26. HP: 224/224 MP: 26/26
 42539 | Depths:4 | Received a gift from Trog
 42852 | Depths:3 | Noticed Jory
 42863 | Depths:3 | Killed Jory
 42970 | Depths:3 | Found a one-way gateway to a ziggurat.
 43104 | Depths:3 | Identified the +0 helmet of the Albatross {rF+}
 43162 | Depths:3 | Identified the +5 spear of the Puffin {distort, rC- rN+++
                  | Int-4 SInv}
 43376 | Depths:3 | Noticed a juggernaut
 43388 | Depths:3 | Received a gift from Trog
 43402 | Depths:3 | Killed a juggernaut
 43475 | Depths:3 | Found an ancient bone altar of Kikubaaqudgha.
 44010 | Vaults:5 | Entered Level 5 of the Vaults
 44056 | Vaults:5 | Identified the +9 dagger of Scuffed Offence {flame, +Blink
                  | rPois rC+ MP-9}
 44098 | Vaults:5 | Identified the +5 sling "Abat" {heavy, Fly rElec Str-4
                  | Dex+2}
 44142 | Vaults:5 | Received a gift from Trog
 44275 | Vaults:5 | Reached XP level 27. HP: 185/236 MP: 26/26
 44417 | Vaults:5 | Identified the ring of Ibyl {Fly rC+}
 44425 | Vaults:5 | Received a gift from Trog
 44580 | Vaults:5 | Identified the amulet "Pupojunt" {rPois Regen+ Int+2}
 44676 | Vaults:5 | Found the +3 robe of Clouds {*Thunder rCloud rElec}
 44743 | Vaults:5 | Got a silver rune of Zot
 44766 | Vaults:5 | Reached skill level 24 in Fighting
 44930 | Vaults:5 | Reached skill level 24 in Shields
 44981 | Vaults:5 | Got a fusty book
 44994 | Vaults:5 | Identified the +5 spear of Eternal Night {flame, Will+}
 45251 | Vaults:5 | Received a gift from Trog
 45569 | D:12     | Bought a potion of haste for 150 gold pieces
 45569 | D:12     | Bought a potion of mutation for 120 gold pieces
 45569 | D:12     | Bought a potion of mutation for 120 gold pieces
 45598 | D:12     | Bought a potion of invisibility for 96 gold pieces
 45598 | D:12     | Bought a potion of enlightenment for 60 gold pieces
 45598 | D:12     | Bought a potion of enlightenment for 60 gold pieces
 45598 | D:12     | Bought a potion of magic for 96 gold pieces
 45598 | D:12     | Bought a potion of berserk rage for 60 gold pieces
 45756 | Orc:2    | Bought a scroll of fear for 64 gold pieces
 45756 | Orc:2    | Bought a scroll of fear for 64 gold pieces
 45756 | Orc:2    | Bought a scroll of fear for 64 gold pieces
 45756 | Orc:2    | Bought a scroll of revelation for 120 gold pieces
 46245 | Shoals:3 | Bought a potion of haste for 130 gold pieces
 46245 | Shoals:3 | Bought a potion of curing for 39 gold pieces
 46245 | Shoals:3 | Bought a potion of curing for 39 gold pieces
 46245 | Shoals:3 | Bought a potion of berserk rage for 65 gold pieces
 46245 | Shoals:3 | Bought a potion of curing for 39 gold pieces
 46281 | Shoals:3 | Bought a potion of curing for 51 gold pieces
 46281 | Shoals:3 | Bought a potion of curing for 51 gold pieces
 46281 | Shoals:3 | Bought a potion of curing for 51 gold pieces
 46550 | Depths:2 | Bought a +4 ring of slaying for 1170 gold pieces
 46651 | Zot:1    | Entered Level 1 of the Realm of Zot
 46900 | Zot:2    | Noticed an orb of fire
 46901 | Zot:2    | why
 46909 | Zot:2    | Gained mutation: You occasionally lose the ability to drink
                  | potions when taking damage. [an orb of fire]
 46939 | Zot:2    | Gained mutation: Potions are less effective at restoring
                  | your health. [an orb of fire]
 46947 | Zot:2    | Killed an orb of fire
 46960 | Zot:1    | Lost mutation: You occasionally lose the ability to drink
                  | potions when taking damage. [potion of mutation]
 46960 | Zot:1    | Lost mutation: You are partially covered in iridescent
                  | scales. (AC +2) [potion of mutation]
 46960 | Zot:1    | Gained mutation: Your flesh is cold resistant. (rC+)
                  | [potion of mutation]
 46960 | Zot:1    | Gained mutation: You are frail. (-10% HP) [potion of
                  | mutation]
 46960 | Zot:1    | Lost mutation: You are frail. (-10% HP) [potion of
                  | mutation]
 46961 | Zot:1    | Lost mutation: You expend magic power (3 MP) to strengthen
                  | your wands. [potion of mutation]
 46961 | Zot:1    | Lost mutation: You are dopey. (Int -2) [potion of mutation]
 46961 | Zot:1    | Gained mutation: You are clumsy. (Dex -2) [potion of
                  | mutation]
 46961 | Zot:1    | Gained mutation: You have sharp toenails. [potion of
                  | mutation]
 47003 | Zot:1    | Lost mutation: Your spells are a little easier to cast, but
                  | a little less powerful. [potion of mutation]
 47003 | Zot:1    | Lost mutation: Your flesh is cold resistant. (rC+) [potion
                  | of mutation]
 47003 | Zot:1    | Lost mutation: You are clumsy. (Dex -2) [potion of
                  | mutation]
 47003 | Zot:1    | Gained mutation: You occasionally lose the ability to drink
                  | potions when taking damage. [potion of mutation]
 47003 | Zot:1    | Gained mutation: You are partially covered in iridescent
                  | scales. (AC +2) [potion of mutation]
 47003 | Zot:1    | Lost mutation: Potions are less effective at restoring your
                  | health. [potion of mutation]
 47003 | Zot:1    | Gained mutation: You are agile. (Dex +4, Str/Int -1)
                  | [potion of mutation]
 47004 | Zot:1    | Lost mutation: You are partially covered in iridescent
                  | scales. (AC +2) [potion of mutation]
 47004 | Zot:1    | Lost mutation: You have sharp toenails. [potion of
                  | mutation]
 47004 | Zot:1    | Gained mutation: You have a pair of small horns on your
                  | head. [potion of mutation]
 47005 | Zot:1    | Lost mutation: You are agile. (Dex +4, Str/Int -1) [potion
                  | of mutation]
 47005 | Zot:1    | Lost mutation: You have a pair of small horns on your head.
                  | [potion of mutation]
 47005 | Zot:1    | Lost mutation: You occasionally lose the ability to drink
                  | potions when taking damage. [potion of mutation]
 47005 | Zot:1    | Gained mutation: You expend magic power (3 MP) to
                  | strengthen your wands. [potion of mutation]
 47005 | Zot:1    | Gained mutation: Your flesh is cold resistant. (rC+)
                  | [potion of mutation]
 47055 | Zot:2    | Received a gift from Trog
 47482 | Zot:3    | Noticed Vv
 47539 | Zot:3    | Killed Vv
 47646 | Zot:5    | Entered Level 5 of the Realm of Zot
 47689 | Zot:5    | Received a gift from Trog
 47841 | Zot:5    | Noticed a Killer Klown
 47841 | Zot:5    | Noticed an orb of fire
 47841 | Zot:5    | Noticed a dread lich
 47841 | Zot:5    | Noticed a Killer Klown
 47841 | Zot:5    | Noticed an electric golem
 47841 | Zot:5    | Noticed an ancient lich
 47844 | Zot:5    | Got the Orb of Zot
 47845 | Zot:5    | Noticed a Killer Klown
 47845 | Zot:5    | Noticed an orb of fire
 47846 | Zot:5    | Noticed an electric golem
 47859 | Zot:5    | what
 48476 | D:$      | Escaped with the Orb!

Levels and vault maps discovered:
D:1:      lightli_arrival_maybe_door_vault, layout_basic
D:2:      layout_basic, ebering_ecumenical_altar_mist, minmay_cut_off
D:3:      layout_loops_cross, mainiacjoe_overflow_alcove_1, wad_orctagon
D:4:      layout_basic, mainiacjoe_overflow_alcove_4,
          minmay_temple_entry_statues_fountains, kennysheep_boxes
D:5:      layout_loops_cross, lemuel_round_altar, serial_glass, glass_columns_c,
          glass_columns_b, glass_columns_c, glass_columns_a,
          due_unseen_surprise, minmay_strange_pillars, nicolae_zen_rock_garden
D:6:      layout_rooms, serial_shops, kennysheep_little_box,
          hangedman_decor_peaks_small
D:7:      nicolae_cairo_tiling_large_dashed, layout_basic
D:8:      gammafunk_beogh_shrine, layout_basic, enter_bailey_5,
          nicolae_grassy_gnolls
D:9:      layout_irregular_city, nicolae_overflow_crystal_walls,
          pdpol_wu_jian_five_deadly_venoms
D:10:     layout_rooms, nicolae_uskayaw_suspiria,
          mainiacjoe_overflow_six_doors_small, erik_orc_1,
          roderic_roman_lattice, uniq_urug, uniq_erica
D:11:     minmay_wavy_crystal, layout_irregular_city, dpeg_oklobed_lair,
          gauntlet_entry_generic, minmay_librarian, uniq_grum
D:12:     layout_roguey, serial_shops, nicolae_shop_hallway_plus,
          nicolae_shop_industrial_runoff, shop
D:13:     layout_roguey, lightli_vaults_fourway_checkpoint, uniq_josephine
D:14:     layout_loops_cross, uniq_kirke
D:15:     hangedman_depths_entry_try_elsewhere_first, layout_loops_corners,
          amcnicky_mini_corridor_feature, uniq_roxanne, uniq_azrael
Temple:   minmay_freezing_vapour_temple
Lair:1:   layout_layer_cave, worms_lemuel
Lair:2:   layout_cave_pods, minmay_shoals_entry_hut,
          hellmonk_spider_entry_not_the_bees, hangedman_tree_tricks,
          grunt_forest_small_clearing_treed
Lair:3:   minmay_lair_venomous_thicket, layout_loops_ring
Lair:4:   dragon1_lemuel, layout_small_grid, slime_entry_1, special_room
          [special_room_mythical_zoo], grunt_megastairs_4
Lair:5:   minmay_lair_end_frog_pond, layout_regular_city, grunt_megastairs_2,
          infiniplex_staircase_pool, lemuel_fruit_tree
Shoals:1: layout_shoals, uniq_donald, uniq_jorgrun
Shoals:2: layout_shoals, uniq_ilsuiw, uniq_polyphemus, uniq_louise,
          uniq_mlioglotl
Shoals:3: layout_shoals, serial_shops, nicolae_shop_crystal,
          nicolae_diamond_shop, shop, shop, nicolae_shop_real_fake_doors,
          nicolae_shoals_hunting_party
Shoals:4: shoals_end_grunt_ice, layout_shoals, portal_ice_cave_entry_pillars_2
Spider:1: layout_spider_delve, nicolae_spider_checkerboard
Spider:2: layout_spider_delve, nicolae_spider_stair_cavern
Spider:3: layout_spider_delve
Spider:4: grunt_spider_rune_parallel
Orc:1:    layout_diamond_mine, uniq_sonja
Orc:2:    st_orc_pillars, layout_caves, basic_altar
Elf:1:    layout_loops_ring, orc_legates, minivault_5, glass_columns_c,
          minmay_shop_grove, lemuel_upstairs_altar
Elf:2:    elven_hall_of_blades_hangedman_original
          [nicolae_vaults_blade_armed_guards], layout_geoelf_diagonals,
          serial_shops, nicolae_shop_tiny_glass
Elf:3:    elf_hall_gauntlet_narrow, layout_loops_ring, serial_shops,
          nicolae_shop_tiny_statue_garden
Vaults:1: v_misc_1, v_rooms_3, hangedman_vaults_stream, ontoclasm_vaults_fault,
          nicolae_vaults_tetromino_L_2, v_misc_16, grunt_vaults_hallway_long,
          nicolae_vaults_security_offices_4, v_misc_17, v_misc_13,
          ontoclasm_vaults_eye, nicolae_vaults_tetromino_T_1,
          vaults_mumra_hexcomb, layout_vaults_ring
Vaults:2: v_pattern_1, hangedman_vaults_maws, nicolae_vaults_network_periphery,
          minmay_crypt_entry_simple_statues, nicolae_vaults_asterisk,
          vaults_room_grid, vaults_room_hangedman_quadrants,
          layout_vaults_omnigrid, serial_shops, shop
Vaults:3: grunt_vaults_twisty, ontoclasm_vaults_fire_temple,
          hangedman_vaults_slither, nicolae_vaults_little_squares_5,
          vaults_dpeg_encased_lava, vaults_standard_mumra_x,
          nicolae_vaults_little_squares_6, nicolae_vaults_heart-shaped_vault,
          ontoclasm_vaults_shuriken, nicolae_vaults_network_star,
          hangedman_vaults_stagger, hangedman_vaults_impose,
          vaults_room_stairs_pillars, layout_vaults_maze_bifur
Vaults:4: nicolae_vaults_storage_closets_3, v_misc_10,
          nicolae_vaults_network_quincunx
          [nicolae_vaults_network_quincunx_subvault,
          nicolae_vaults_network_quincunx_subvault,
          nicolae_vaults_network_quincunx_subvault,
          nicolae_vaults_network_quincunx_subvault,
          nicolae_vaults_network_quincunx_subvault], vaults_room_semicircle,
          grunt_vaults_hallway_long, v_rooms_4, vaults_mumra_minichess,
          v_rooms_1, vaults_room_pool, nicolae_vaults_little_guard_posts,
          layout_vaults_omnibox, serial_shops, nicolae_shop_gaudy_bauble
Vaults:5: serial_shops
Crypt:1:  layout_misc_corridors, grunt_crypt_arrival_split
Crypt:2:  minmay_shadows, layout_misc_corridors, ebering_ghost_disaster_area,
          serial_sigils_hangedman_stare, uniq_mennas
Crypt:3:  david_glass_crypt, layout_gridlike, nicolae_tomb_entry_grand_gallery,
          hangedman_crypt_dual_shrines
Depths:1: layout_basic, serial_shops, shop, grunt_hell_entry_dis_mu,
          special_room [special_room_jelly], nicolae_twisting_strands,
          st_stairs_9, minmay_crystal_room, nicolae_transmutations_shop,
          minmay_hollow_rounded_squares
Depths:2: grunt_double_whammy, layout_basic, abyss_entry, serial_shops,
          nicolae_shop_gaudy_bauble, hell_entry, infiniplex_enter_wizlab_water,
          rand_demon_pan_entry_5, ebering_ghost_inner_flame,
          lemuel_flamethrower_hall, serial_bayou_shore_a, firewood_loft
Depths:3: minmay_the_grid_octo_2x2 [minmay_the_grid_octo_chip,
          minmay_the_grid_octo_clover, minmay_the_grid_octo_toaster,
          minmay_the_grid_octo_prize_big_c], layout_cave_pools,
          enter_ziggurat_a, roderic_serpentine_path, abyss_entry, hell_entry,
          kennysheep_vampire_church, uniq_jory
Depths:4: grunt_x_marks_the_spot, layout_basic, chequers_serial_rivers_micro_c,
          hell_entry
Zot:1:    layout_twisted_circle
Zot:2:    lemuel_acid_trip, layout_concentric_octagons
Zot:3:    layout_cathedral_of_symmetry, uniq_grunn, uniq_vv
Zot:4:    layout_concentric_octagons, grunt_ministairs_7, grunt_megastairs_1
Zot:5:    layout_basic, grunt_megastairs_5

Action                     |  1- 3 |  4- 6 |  7- 9 | 10-12 | 13-15 | 16-18 | 19-21 | 22-24 | 25-27 || total
---------------------------+-------+-------+-------+-------+-------+-------+-------+-------+-------++-------
  Melee: Unarmed           |    13 |       |       |       |       |       |       |       |       ||    13
         War axe           |    21 |       |       |       |       |       |       |       |       ||    21
         Short sword       |       |   119 |   227 |   520 |   407 |       |       |       |       ||  1273
         Punch             |       |     1 |       |       |       |       |     4 |       |       ||     5
         Quick blade       |       |       |       |       |   996 |  1777 |  1933 |  2543 |  3193 || 10442
         Maw               |       |       |       |       |   531 |   976 |  1057 |  1609 |  1759 ||  5932
  Throw: Throwing net      |       |       |       |     1 |       |       |       |       |       ||     1
   Cast: Shock             |    62 |    35 |       |       |       |       |       |       |       ||    97
 Invoke: Berserk           |       |       |       |     1 |       |       |       |       |     1 ||     2
         Trog's Hand       |       |       |       |     1 |       |     3 |     4 |     1 |     8 ||    17
  Evoke: Wand              |       |       |       |    11 |       |       |       |     3 |     5 ||    19
         Lightning rod     |       |       |       |       |       |       |       |     4 |       ||     4
    Use: Scroll            |       |     3 |    11 |     6 |    13 |     2 |     2 |     4 |    31 ||    72
         Potion            |       |       |       |     1 |     2 |     2 |     1 |     3 |    23 ||    32
   Stab: Sleeping          |     2 |     3 |     1 |       |       |       |     2 |     3 |    33 ||    44
         Held in net/web   |       |       |       |     2 |       |       |       |       |       ||     2
         Petrifying        |       |       |       |       |       |     1 |       |       |       ||     1
         Distracted        |       |       |       |       |       |       |       |     1 |    13 ||    14
         Invisible         |       |       |       |       |       |       |       |       |    21 ||    21
         Confused          |       |       |       |       |       |       |       |       |     4 ||     4
 Armour: Robe              |     5 |       |       |       |       |       |       |       |       ||     5
         Leather armour    |    13 |    16 |       |       |       |       |       |       |       ||    29
         Ring mail         |       |    20 |    93 |    53 |       |       |       |       |       ||   166
         Troll leather arm |       |       |       |   121 |    83 |       |       |       |       ||   204
         Skin              |       |       |       |       |   138 |   340 |   328 |   249 |   251 ||  1306
  Dodge: Dodged            |    33 |    41 |    94 |   249 |   563 |   898 |   805 |   771 |   663 ||  4117
  Block: Other             |       |    15 |     5 |       |       |       |       |       |       ||    20
         Reflection        |       |     1 |     6 |       |       |       |     2 |     6 |    48 ||    63
         Orb               |       |       |    23 |    19 |       |       |     9 |   120 |       ||   171
         Buckler           |       |       |       |       |       |       |       |    97 |     9 ||   106
         Kite shield       |       |       |       |       |       |       |       |       |   856 ||   856
         Tower shield      |       |       |       |       |       |       |       |       |   410 ||   410
   Form: Maw               |       |       |       |       |     2 |       |       |       |       ||     2
                           |       |       |       |       |     1 |       |       |       |       ||     1
